| TOP OF THE 1ST |
|
Louisville Bats batting - Pitching for Colorado Springs Sky Sox : RHP Iehohs Inatho
|
|
Pitching: RHP Iehohs Inatho
|
|
|
Batting: RHB Takanibu Kaneshiro
|
0-0: SINGLE (Groundball, 6S, EV 69.4 MPH) (infield hit)
|
|
Batting: RHB Bruno André
|
0-0: Ball 1-0: Called Strike 1-1: Foul Ball, location: 2F 1-2: SINGLE (Groundball, 56D, EV 105.6 MPH) Takanibu Kaneshiro to second
|
|
Batting: RHB Juan Reyes
|
0-0: Ball 1-0: Swinging Strike 1-1: Foul Ball, location: 2F 1-2: Ball 2-2: DOUBLE (Line Drive, 89D, EV 108.1 MPH) Takanibu Kaneshiro scores Bruno André to third
|
|
Batting: LHB Jared Paige
|
0-0: Ball 1-0: Foul Ball, location: 2F 1-1: Called Strike 1-2: Foul Ball, location: 2F 1-2: Foul Ball, location: 2F 1-2: Foul Ball, location: 2F 1-2: Ball 2-2: Foul Ball, location: 2F 2-2: Foul Ball, location: 2F 2-2: Ground out 6-3 (Groundball, 56D, EV 90.0 MPH) Bruno André scores
|
|
Batting: RHB Jonathan Robies
|
0-0: Ground out 5-3 (Groundball, 56S, EV 89.4 MPH)
|
|
Batting: SHB Freddie Farrar
|
0-0: Ball 1-0: Ball 2-0: SINGLE (Groundball, 6MD, EV 105.0 MPH) Juan Reyes to third Runner from 3rd tries for Home, SAFE, throw by CF to home Freddie Farrar to second
|
|
Batting: RHB Won-jun Park
|
0-0: Swinging Strike 0-1: Foul Ball, location: 2F 0-2: Ball 1-2: Strikes out looking
|
| Top of the 1st over - 3 runs, 4 hits, 0 errors, 1 left on base; Louisville 3 - Colorado Springs 0 |
| BOTTOM OF THE 1ST |
|
Colorado Springs Sky Sox batting - Pitching for Louisville Bats : LHP Brad Jonas
|
|
Pitching: LHP Brad Jonas
|
|
|
Batting: RHB Juan Figueroa
|
0-0: Called Strike 0-1: Fly out, F8 (Flyball, 89M, EV 88.8 MPH)
|
|
Batting: LHB Steve Gilliam
|
0-0: Foul Ball, location: 2F 0-1: SINGLE (Groundball, 6M, EV 95.0 MPH)
|
|
Batting: RHB Eric Delgado
|
0-0: Ball Steve Gilliam is caught stealing 2nd base 2-4 1-0: Swinging Strike 1-1: Ground out 5-3 (Groundball, 56, EV 89.4 MPH)
|
| Bottom of the 1st over - 0 runs, 1 hit, 0 errors, 0 left on base; Louisville 3 - Colorado Springs 0 |
| TOP OF THE 2ND |
|
Louisville Bats batting - Pitching for Colorado Springs Sky Sox : RHP Iehohs Inatho
|
|
Batting: RHB Danny Real
|
0-0: Called Strike 0-1: Ball 1-1: Ball 2-1: Ball 3-1: Foul Ball, location: 2F 3-2: Ground out 6-3 (Groundball, 6, EV 105.0 MPH)
|
|
Batting: LHB Leo Gomez
|
0-0: Ground out 5-3 (Groundball, 56S, EV 83.8 MPH)
|
|
Batting: RHB Takanibu Kaneshiro
|
0-0: Foul Ball, location: 2F 0-1: Called Strike 0-2: Strikes out swinging
|
| Top of the 2nd over - 0 runs, 0 hits, 0 errors, 0 left on base; Louisville 3 - Colorado Springs 0 |
| BOTTOM OF THE 2ND |
|
Colorado Springs Sky Sox batting - Pitching for Louisville Bats : LHP Brad Jonas
|
|
Batting: RHB Matviy Oliynyk
|
0-0: Swinging Strike 0-1: Foul Ball, location: 2F 0-2: Strikes out swinging
|
|
Batting: RHB Kevin Tangeman
|
0-0: Foul Ball, location: 2F 0-1: Foul Ball, location: 2F 0-2: Ball 1-2: Foul Ball, location: 2F 1-2: Ball 2-2: SINGLE (Groundball, 56S, EV 67.5 MPH) (infield hit)
|
|
Batting: LHB Kyle Schaible
|
0-0: Called Strike Kevin Tangeman is caught stealing 2nd base 2-6 0-1: Ball 1-1: Foul Ball, location: 2F 1-2: Ball 2-2: Foul Ball, location: 2F 2-2: SINGLE (Line Drive, 8LS, EV 106.2 MPH)
|
|
Batting: LHB Iehohs Inatho
|
0-0: Ball 1-0: Ball 2-0: Swinging Strike 2-1: Called Strike 2-2: SINGLE (Line Drive, 6D, EV 98.1 MPH) Kyle Schaible to second
|
|
Batting: SHB Chris Besselman
|
0-0: Ball 1-0: SINGLE (Flyball, 78S, EV 91.9 MPH) Kyle Schaible to third Iehohs Inatho to second Runner from 3rd tries for Home, SAFE, throw by LF to home
|
|
Batting: RHB Pei Xie
|
0-0: Ball 1-0: Foul Ball, location: 2F 1-1: Ball 2-1: Called Strike 2-2: Foul Ball, location: 2F 2-2: Ball 3-2: Foul Ball, location: 2F 3-2: Foul Ball, location: 2F 3-2: Foul Ball, location: 2F 3-2: Strikes out swinging
|
| Bottom of the 2nd over - 1 run, 4 hits, 0 errors, 2 left on base; Louisville 3 - Colorado Springs 1 |
| TOP OF THE 3RD |
|
Louisville Bats batting - Pitching for Colorado Springs Sky Sox : RHP Iehohs Inatho
|
|
Batting: RHB Bruno André
|
0-0: Ball 1-0: Ball 2-0: Ball 3-0: Called Strike 3-1: Base on Balls
|
|
Batting: RHB Juan Reyes
|
0-0: Ball 1-0: Ball 2-0: Ball 3-0: Base on Balls Bruno André to second
|
|
Batting: LHB Jared Paige
|
0-0: Ball 1-0: Ball 2-0: Ball 3-0: Called Strike 3-1: Foul Ball, location: 2F 3-2: Reached on error, E3 (Groundball, 3, EV 82.5 MPH) Bruno André to third Juan Reyes to second
|
|
Batting: RHB Jonathan Robies
|
0-0: Called Strike 0-1: Foul Ball, location: 2F 0-2: Ball 1-2: Fly out, F3 (Popup, 3, EV 58.1 MPH)
|
|
Batting: SHB Freddie Farrar
|
0-0: Ground out 4-3 (Groundball, 34D, EV 101.9 MPH) Bruno André scores Juan Reyes to third Jared Paige to second
|
|
Batting: RHB Won-jun Park
|
0-0: Called Strike 0-1: Ground out 6-3 (Groundball, 56, EV 85.6 MPH)
|
| Top of the 3rd over - 1 run, 0 hits, 1 error, 2 left on base; Louisville 4 - Colorado Springs 1 |
| BOTTOM OF THE 3RD |
|
Colorado Springs Sky Sox batting - Pitching for Louisville Bats : LHP Brad Jonas
|
|
Batting: RHB Juan Figueroa
|
0-0: Ball 1-0: Ground out 4-3 (Groundball, 4S, EV 87.5 MPH)
|
|
Batting: LHB Steve Gilliam
|
0-0: Ball 1-0: Ball 2-0: SINGLE (Groundball, 4MD, EV 103.8 MPH)
|
|
Batting: RHB Eric Delgado
|
0-0: Called Strike 0-1: Ball 1-1: Ground out 5-3 (Groundball, 56S, EV 70.0 MPH) Steve Gilliam to second
|
|
Batting: RHB Matviy Oliynyk
|
0-0: Foul Ball, location: 2F 0-1: Called Strike 0-2: Strikes out swinging
|
| Bottom of the 3rd over - 0 runs, 1 hit, 0 errors, 1 left on base; Louisville 4 - Colorado Springs 1 |
| TOP OF THE 4TH |
|
Louisville Bats batting - Pitching for Colorado Springs Sky Sox : RHP Iehohs Inatho
|
|
Batting: RHB Danny Real
|
0-0: Called Strike 0-1: Called Strike 0-2: Ground out 4-3 (Groundball, 4, EV 103.8 MPH)
|
|
Batting: LHB Leo Gomez
|
0-0: Ball 1-0: Fly out, F8 (Line Drive, 8LM, EV 94.4 MPH)
|
|
Batting: RHB Takanibu Kaneshiro
|
0-0: Ball 1-0: Swinging Strike 1-1: Ball 2-1: Swinging Strike 2-2: Foul Ball, location: 2F 2-2: Strikes out swinging
|
| Top of the 4th over - 0 runs, 0 hits, 0 errors, 0 left on base; Louisville 4 - Colorado Springs 1 |
| BOTTOM OF THE 4TH |
|
Colorado Springs Sky Sox batting - Pitching for Louisville Bats : LHP Brad Jonas
|
|
Batting: RHB Kevin Tangeman
|
0-0: Ball 1-0: Ground out 6-3 (Groundball, 6D, EV 103.1 MPH)
|
|
Batting: LHB Kyle Schaible
|
0-0: DOUBLE (Flyball, 89D, EV 111.2 MPH)
|
|
Batting: LHB Iehohs Inatho
|
0-0: Ball 1-0: Called Strike 1-1: Ball 2-1: Ball 3-1: Base on Balls
|
|
Batting: SHB Chris Besselman
|
0-0: Called Strike 0-1: Swinging Strike 0-2: Ball 1-2: Foul Ball, location: 2F 1-2: Strikes out swinging
|
|
Batting: RHB Pei Xie
|
0-0: Ball 1-0: Ball 2-0: Called Strike 2-1: Ball 3-1: Base on Balls Kyle Schaible to third Iehohs Inatho to second
|
|
Batting: RHB Juan Figueroa
|
0-0: Called Strike 0-1: Ball 1-1: Called Strike 1-2: Ball 2-2: Strikes out looking
|
| Bottom of the 4th over - 0 runs, 1 hit, 0 errors, 3 left on base; Louisville 4 - Colorado Springs 1 |
| TOP OF THE 5TH |
|
Louisville Bats batting - Pitching for Colorado Springs Sky Sox : RHP Iehohs Inatho
|
|
Batting: RHB Bruno André
|
0-0: Ball 1-0: Ball 2-0: Ball 3-0: Base on Balls
|
|
Batting: RHB Juan Reyes
|
0-0: Ball Pickoff Throw to First - Out! 1-3 1-0: SINGLE (Flyball, 9S, EV 88.8 MPH)
|
|
Batting: LHB Jared Paige
|
0-0: Ball 1-0: Ball 2-0: Swinging Strike 2-1: Foul Ball, location: 2F 2-2: Foul Ball, location: 2F 2-2: Strikes out swinging
|
|
Batting: RHB Jonathan Robies
|
0-0: Swinging Strike 0-1: Foul Ball, location: 2F 0-2: Ground out 4-3 (Groundball, 4S, EV 68.1 MPH)
|
| Top of the 5th over - 0 runs, 1 hit, 0 errors, 1 left on base; Louisville 4 - Colorado Springs 1 |
| BOTTOM OF THE 5TH |
|
Colorado Springs Sky Sox batting - Pitching for Louisville Bats : LHP Brad Jonas
|
|
Batting: LHB Steve Gilliam
|
0-0: Fly out, F9 (Flyball, 9, EV 84.4 MPH)
|
|
Batting: RHB Eric Delgado
|
0-0: Called Strike 0-1: Ball 1-1: Ball 2-1: Foul Ball, location: 2F 2-2: Foul Ball, location: 2F 2-2: SINGLE (Groundball, 56S, EV 66.2 MPH) (infield hit)
|
|
Batting: RHB Matviy Oliynyk
|
0-0: Foul Ball, location: 2F 0-1: Swinging Strike 0-2: Ball 1-2: Ball 2-2: Ball Eric Delgado steals 2nd, throwing error, E2 Eric Delgado to third 3-2: Foul Ball, location: 2F 3-2: Base on Balls
|
|
Batting: RHB Kevin Tangeman
|
0-0: Ball 1-0: Grounds into double play, 5-4-3 (Groundball, 5, EV 93.8 MPH)
|
| Bottom of the 5th over - 0 runs, 1 hit, 1 error, 1 left on base; Louisville 4 - Colorado Springs 1 |
| TOP OF THE 6TH |
|
Louisville Bats batting - Pitching for Colorado Springs Sky Sox : RHP Iehohs Inatho
|
|
Batting: SHB Freddie Farrar
|
0-0: Called Strike 0-1: Ground out 4-3 (Groundball, 34D, EV 99.4 MPH)
|
|
Batting: RHB Won-jun Park
|
0-0: DOUBLE (Groundball, 5L, EV 96.2 MPH)
|
|
Batting: RHB Danny Real
|
0-0: Called Strike 0-1: Foul Ball, location: 2F 0-2: Foul Ball, location: 2F 0-2: Ball 1-2: Ground out 5-3 (Groundball, 56S, EV 65.0 MPH) Won-jun Park to third
|
|
Batting: LHB Leo Gomez
|
0-0: Swinging Strike 0-1: Called Strike 0-2: SINGLE (Groundball, 4MD, EV 96.9 MPH) Won-jun Park scores
|
|
Pitching: LHP Eric Zielinski
|
|
|
Batting: RHB Takanibu Kaneshiro
|
0-0: Called Strike Leo Gomez steals 2nd, throwing error, E2 Leo Gomez to third 0-1: Ball 1-1: Ball 2-1: Fly out, F7 (Flyball, 7, EV 87.5 MPH)
|
| Top of the 6th over - 1 run, 2 hits, 1 error, 1 left on base; Louisville 5 - Colorado Springs 1 |
| BOTTOM OF THE 6TH |
|
Colorado Springs Sky Sox batting - Pitching for Louisville Bats : LHP Brad Jonas
|
|
Batting: LHB Kyle Schaible
|
0-0: Ball 1-0: Ball 2-0: SINGLE (Groundball, 34S, EV 96.2 MPH)
|
|
Batting: LHB Iehohs Inatho
|
0-0: SINGLE (Groundball, 34, EV 108.8 MPH) (infield hit) Kyle Schaible to second
|
|
Batting: SHB Chris Besselman
|
0-0: Ball 1-0: Ball 2-0: Ball 3-0: Called Strike 3-1: Called Strike 3-2: Strikes out swinging
|
|
Pitching: RHP Pedro Torres
|
|
|
Pinch Hitting: RHB Ryan Rinaldi
|
0-0: Called Strike 0-1: Called Strike 0-2: Grounds out, U3 (Groundball, 3L, EV 96.2 MPH) Kyle Schaible to third
|
|
Batting: RHB Juan Figueroa
|
0-0: Ball 1-0: Called Strike 1-1: Ball 2-1: Called Strike 2-2: Foul Ball, location: 2F 2-2: Strikes out swinging
|
| Bottom of the 6th over - 0 runs, 2 hits, 0 errors, 2 left on base; Louisville 5 - Colorado Springs 1 |
| TOP OF THE 7TH |
|
Louisville Bats batting - Pitching for Colorado Springs Sky Sox : LHP Eric Zielinski
|
|
Now at 2B: Ryan Rinaldi
|
|
|
Now at SS: Kyle Schaible
|
|
|
Batting: RHB Bruno André
|
0-0: Fly out, F3 (Popup, 3SF, EV 79.4 MPH)
|
|
Batting: RHB Juan Reyes
|
0-0: Called Strike 0-1: Called Strike 0-2: Foul Ball, location: 2F 0-2: Ground out 6-3 (Groundball, 6, EV 87.5 MPH)
|
|
Batting: LHB Jared Paige
|
0-0: Foul Ball, location: 2F 0-1: Ball 1-1: Swinging Strike 1-2: Strikes out swinging
|
| Top of the 7th over - 0 runs, 0 hits, 0 errors, 0 left on base; Louisville 5 - Colorado Springs 1 |
| BOTTOM OF THE 7TH |
|
Colorado Springs Sky Sox batting - Pitching for Louisville Bats : RHP Pedro Torres
|
|
Batting: LHB Steve Gilliam
|
0-0: Ground out 5-3 (Groundball, 5, EV 86.9 MPH)
|
|
Batting: RHB Eric Delgado
|
0-0: Called Strike 0-1: SINGLE (Groundball, 25, EV 67.5 MPH) (infield hit)
|
|
Batting: RHB Matviy Oliynyk
|
0-0: Called Strike 0-1: Foul Ball, location: 2F 0-2: Ball 1-2: Foul Ball, location: 2F 1-2: SINGLE (Groundball, 6MD, EV 104.4 MPH) Eric Delgado to second Runner from 2nd tries for 3rd, SAFE, throw by CF made to third
|
|
Batting: RHB Kevin Tangeman
|
0-0: Called Strike Matviy Oliynyk steals 2nd base 0-1: SINGLE (Flyball, 8LS, EV 87.5 MPH) Eric Delgado scores Matviy Oliynyk to third
|
|
Batting: LHB Kyle Schaible
|
0-0: Called Strike Kevin Tangeman steals 2nd base 0-1: Swinging Strike 0-2: Strikes out swinging
|
|
Batting: LHB Iehohs Inatho
|
0-0: Foul Ball, location: 2F 0-1: Ball 1-1: Ball 2-1: Called Strike 2-2: Ball 3-2: Foul Ball, location: 2F 3-2: Fly out, F8 (Flyball, 8LM, EV 92.5 MPH)
|
| Bottom of the 7th over - 1 run, 3 hits, 0 errors, 2 left on base; Louisville 5 - Colorado Springs 2 |
| TOP OF THE 8TH |
|
Louisville Bats batting - Pitching for Colorado Springs Sky Sox : LHP Eric Zielinski
|
|
Pitching: RHP Jim Micaletti
|
|
|
Batting: RHB Jonathan Robies
|
0-0: Called Strike 0-1: Ball 1-1: Called Strike 1-2: Strikes out swinging
|
|
Batting: SHB Freddie Farrar
|
0-0: Called Strike 0-1: Foul Ball, location: 2F 0-2: Ball 1-2: Ball 2-2: Foul Ball, location: 2F 2-2: Fly out, F8 (Flyball, 78D, EV 95.6 MPH)
|
|
Batting: RHB Won-jun Park
|
0-0: Ball 1-0: Foul Ball, location: 2F 1-1: Ball 2-1: Fly out, F8 (Flyball, 89D, EV 100.0 MPH)
|
| Top of the 8th over - 0 runs, 0 hits, 0 errors, 0 left on base; Louisville 5 - Colorado Springs 2 |
| BOTTOM OF THE 8TH |
|
Colorado Springs Sky Sox batting - Pitching for Louisville Bats : RHP Pedro Torres
|
|
Pitching: RHP Tim Bant
|
|
|
Batting: SHB Chris Besselman
|
0-0: Called Strike 0-1: Ball 1-1: Fly out, F4 (Popup, 4, EV 55.0 MPH)
|
|
Batting: RHB Ryan Rinaldi
|
0-0: Called Strike 0-1: Swinging Strike 0-2: Ball 1-2: Ball 2-2: Strikes out looking
|
|
Batting: RHB Juan Figueroa
|
0-0: Foul Ball, location: 2F 0-1: Fly out, F7 (Flyball, 7LM, EV 80.6 MPH)
|
| Bottom of the 8th over - 0 runs, 0 hits, 0 errors, 0 left on base; Louisville 5 - Colorado Springs 2 |
| TOP OF THE 9TH |
|
Louisville Bats batting - Pitching for Colorado Springs Sky Sox : RHP Jim Micaletti
|
|
Pitching: RHP Vas Karamyshev
|
|
|
Batting: RHB Danny Real
|
0-0: Called Strike 0-1: Swinging Strike 0-2: Ball 1-2: Strikes out looking
|
|
Batting: LHB Leo Gomez
|
0-0: Called Strike 0-1: Swinging Strike 0-2: Ground out 4-3 (Groundball, 4, EV 86.2 MPH)
|
|
Batting: RHB Takanibu Kaneshiro
|
0-0: Swinging Strike 0-1: Ball 1-1: Ball 2-1: Called Strike 2-2: Ball 3-2: Strikes out swinging, 2-3 out at first.
|
| Top of the 9th over - 0 runs, 0 hits, 0 errors, 0 left on base; Louisville 5 - Colorado Springs 2 |
| BOTTOM OF THE 9TH |
|
Colorado Springs Sky Sox batting - Pitching for Louisville Bats : RHP Tim Bant
|
|
Pitching: RHP Junpei Yamazaki
|
|
|
Batting: LHB Steve Gilliam
|
0-0: Called Strike 0-1: Swinging Strike 0-2: Ball 1-2: Strikes out swinging
|
|
Batting: RHB Eric Delgado
|
0-0: Ball 1-0: Ball 2-0: Called Strike 2-1: Swinging Strike 2-2: Strikes out swinging
|
|
Batting: RHB Matviy Oliynyk
|
0-0: Foul Ball, location: 2F 0-1: Ball 1-1: Fly out, F8 (Line Drive, 8RD, EV 98.1 MPH)
|
| Bottom of the 9th over - 0 runs, 0 hits, 0 errors, 0 left on base; Louisville 5 - Colorado Springs 2 |
|